 Dungeon Crawl Stone Soup version bcrawl-1.21.2-28-g2cb1824106 (webtiles) character file.

Game seed: 14073771049521313085

944 BeastOfSaturn the Grasshopper (level 8, -6/44 HPs)
             Began as a Mana Stalker Warper on Mar 8, 2020.
             Was an Initiate of Yredelemnul.
             Killed by divine providence
             ... invoked by an orc priest
              (11 damage)
             ... on level 6 of the Dungeon.
             The game lasted 00:16:43 (3832 turns).

BeastOfSaturn the Grasshopper (Mana Stalker Warper) Turns: 3832, Time: 00:16:43

Health: -6/44      AC:  4    Str: 15    XL:     8   Next: 12%
Magic:  8/10       EV: 21    Int: 13    God:    Yredelemnul [......]
Gold:   393        SH:  5    Dex: 15    Spells: 6/9 levels left

rFire    . . .     SeeInvis .   y - +7 Spriggan's Knife {stab, EV+4 Stlth+}
rCold    . . .     Gourm    +   l - +0 buckler
rNeg     . . .     Faith    .   i - +0 leather armour
rPois    +         Spirit   .   (no helmet)
rElec    .         Reflect  .   (no cloak)
rCorr    .         Harm     .   b - +0 pair of gloves (curse)
MR       +....                  (no boots)
Stlth    ++++......             h - amulet of the gourmand
HPRegen  0.54/turn              j - ring of poison resistance
MPRegen  0.12/turn              w - +3 ring of evasion

@: no status effects
A: fangs 3, magic resistance 1, regeneration 1, antimagic bite, no potion heal
3, rot immunity, strong jaws
a: Renounce Religion


You were on level 6 of the Dungeon.
You worshipped Yredelemnul.
Yredelemnul was noncommittal.
You were not hungry.

You visited 1 branch of the dungeon, and saw 6 of its levels.

You collected 393 gold pieces.

Inventory:

Hand Weapons
 a - a +0 dagger
 y - the +7 Spriggan's Knife (weapon) {stab, EV+4 Stlth+}
   (You found it on level 4 of the Dungeon)

   It affects your evasion (+4).
   It makes you more stealthy.
Missiles
 f - 2 throwing nets (quivered) {!f}
 g - 205 javelins
Armour
 b - a cursed +0 pair of gloves (worn)
 i - a +0 leather armour (worn)
 l - a +0 buckler (worn)
Jewellery
 h - an amulet of the gourmand (around neck)
 j - a ring of poison resistance (left hand)
 w - a +3 ring of evasion (right hand)
Wands
 u - a wand of paralysis (8)
Scrolls
 d - a scroll of blinking
 k - 4 scrolls of remove curse
 m - 5 scrolls of identify
 o - 2 scrolls of noise {unknown}
 p - a scroll of enchant weapon {unknown}
 q - 2 scrolls of fear {unknown}
 r - a scroll of magic mapping {unknown}
 x - 3 scrolls of teleportation {unknown}
Potions
 c - a potion of agility {unknown}
 n - a potion of lignification {unknown}
 s - a potion of flight {unknown}
 t - a potion of haste {unknown}
 v - a potion of brilliance {unknown}
 z - a potion of curing {unknown}
Comestibles
 e - 11 rations {!d}


   Skills:
 - Level 2.0 Fighting
 * Level 4.5 Short Blades
 - Level 1.7 Throwing
 * Level 4.5 Dodging
 * Level 4.3 Stealth
 * Level 3.0 Shields
 - Level 1.1 Spellcasting
 * Level 4.5 Translocations


You had 6 spell levels left.
You knew the following spells:

 Your Spells              Type           Power        Failure   Level  Hunger
a - Blink Other           Tloc           ##....       6%          1    ##.....
b - Blink                 Tloc           N/A          9%          2    ###....

Your spell library contained the following spells:

 Spells                   Type           Power        Failure   Level  Hunger
 Portal Projectile        Tloc           ##....       19%         3    ####...
 Teleport Other           Tloc           ##......     19%         3    ####...
 Corona                   Hex            #......      36%         1    ##.....
 Ensorcelled Hibernation  Hex/Ice        #.....       52%         2    ###....
 Confuse                  Hex            #.......     75%         3    ####...
 Dazzling Spray           Conj/Hex       #.....       75%         3    ####...
 Tukima's Dance           Hex            #.......     75%         3    ####...
 Passage of Golubria      Tloc           N/A          86%         5    ######.


Dungeon Overview and Level Annotations

Branches:
Dungeon (6/12)
 Temple: D:4-7

Altars:
Cheibriados
Elyvilon
Gozag
Okawaru
Qazlal
Wu Jian
Yredelemnul
Zin

Annotations:
D:4 Duvessa
D:5 1 runed door


Innate Abilities, Weirdness & Mutations

You have razor-sharp teeth.
You are resistant to hostile enchantments. (MR+)
Your natural rate of healing is unusually fast.
Your bite disrupts and absorbs the magic of your enemies.
Potions cannot restore your health.
You are immune to rotting.
Your bites deal extra damage.


Message History

You closely miss the hound. You bite the hound, but do no damage.
The hound is moderately wounded.
The hound closely misses you.
You puncture the hound!
The hound is almost dead.
The hound completely misses you.
You puncture the hound!
You kill the hound!
Yredelemnul accepts your kill.
The orc priest calls down the wrath of Beogh upon you.
Beogh smites you!
The orc priest invokes the aid of Beogh against you.
Beogh smites you!
* * * LOW HITPOINT WARNING * * *
Cast which spell? (? or * to list)
You blink.
The orc priest invokes the aid of Beogh against you.
Beogh smites you!
You die...
Your body rises from the dead as a mindless zombie.

#### ..# #.#
#ยง# #.# #.#
#o# #
#######o##.#
#.....o@..#
..#####.##.#
#.# # #.# #.#
#.# #.#
..#########.#
.......#o)..#


You could see an orc priest, an orc wizard and an orc.

Vanquished Creatures
  Menkaure (D:5)
  A crocodile (D:5)
  An ice beast (D:6)
  A phantom (D:5)
  A sky beast (D:5)
  An ogre (D:3)
  A bullfrog (D:6)
  3 hounds
  2 orc wizards
  An iguana (D:4)
  5 adders
  An ooze (D:5)
  An adder skeleton (D:5)
  2 worms
  A dart slug (D:2)
  2 leopard geckos
  6 orcs
  3 ball pythons
  A bat (D:2)
  4 giant cockroaches
  6 goblins
  7 hobgoblins
  6 jackals (D:2)
  2 quokkas
  5 frilled lizards
  5 kobolds
  5 rats
75 creatures vanquished.

Vanquished Creatures (others)
  A bullfrog skeleton (D:4)
1 creature vanquished.

Grand Total: 76 creatures vanquished

Notes
Turn   | Place    | Note
-------+----------+-------------------------------------------
     0 | D:1      | BeastOfSaturn the Vine Stalker Warper began the quest for
                  | the Orb.
     0 | D:1      | Reached XP level 1. HP: 12/12 MP: 3/3
    97 | D:1      | Reached XP level 2. HP: 15/17 MP: 4/4
   437 | D:1      | Learned a level 2 spell: Blink
   476 | D:1      | Reached skill level 1 in Stealth
   718 | D:2      | Found a faded altar of an unknown god.
   791 | D:2      | Reached XP level 3. HP: 19/21 MP: 5/5
  1522 | D:2      | Found an iron altar of Okawaru.
  1599 | D:2      | Reached skill level 1 in Short Blades
  1878 | D:2      | Reached XP level 4. HP: 26/26 MP: 6/6
  2354 | D:3      | Noticed an ogre
  2388 | D:3      | Killed an ogre
  2388 | D:3      | Reached skill level 1 in Shields
  2388 | D:3      | Reached XP level 5. HP: 29/30 MP: 7/7
  2571 | D:4      | Found the +7 Spriggan's Knife {stab, EV+4 Stlth+}
  2663 | D:4      | Noticed Duvessa
  2771 | D:4      | Found a glowing silver altar of Zin.
  2849 | D:4      | Found an ornate altar of the Wu Jian Council.
  2904 | D:4      | Found a stormy altar of Qazlal.
  2904 | D:4      | Found a basalt altar of Yredelemnul.
  2912 | D:4      | Found an opulent altar of Gozag.
  2915 | D:4      | Became a worshipper of Yredelemnul the Dark
  2918 | D:4      | Found a faded altar of an unknown god.
  2920 | D:4      | Found a white marble altar of Elyvilon.
  3014 | D:5      | Entered Level 5 of the Dungeon
  3146 | D:5      | Found a runed door.
  3212 | D:5      | Gained mutation: You have razor-sharp teeth. [Vine Stalker
                  | growth]
  3212 | D:5      | Reached XP level 6. HP: 22/35 MP: 8/8
  3259 | D:5      | Noticed Menkaure
  3264 | D:5      | Killed Menkaure
  3356 | D:5      | Noticed a phantom
  3384 | D:5      | Killed a phantom
  3384 | D:5      | Reached XP level 7. HP: 30/40 MP: 9/9
  3529 | D:5      | Found a snail-covered altar of Cheibriados.
  3795 | D:5      | Gained mutation: Your bite disrupts and absorbs the magic
                  | of your enemies. [Mana Stalker growth]
  3795 | D:5      | Gained mutation: You are resistant to hostile enchantments.
                  | (MR+) [Mana Stalker growth]
  3795 | D:5      | Reached XP level 8. HP: 28/44 MP: 9/10
  3832 | D:6      | Killed from afar by an orc priest

Skill      XL: |  1  2  3  4  5  6  7 |
---------------+----------------------+-----
Fighting       | 2 |  2.0
Stealth        | 1 2 3 4 |  4.3
Short Blades   | 1 2 3 4 |  4.5
Dodging        | 3 4 |  4.5
Shields        | 1 2 3 |  3.0
Translocations | 4 |  4.5
Throwing       | |  1.7
Spellcasting   | |  1.1

Action                   |  1- 3 |  4- 6 |  7- 9 || total
-------------------------+-------+-------+-------++-------
Melee: Dagger            |   446 |   134 |       ||   580
       Bite              |    50 |    23 |     7 ||    80
       Knife             |       |    58 |    43 ||   101
 Cast: Blink             |       |       |     1 ||     1
  Use: Scroll            |       |     2 |       ||     2
 Stab: Sleeping          |     1 |     2 |     2 ||     5
  Eat: Chunk             |    11 |     2 |       ||    13
Armor: Robe              |     7 |       |       ||     7
       Leather armour    |    90 |    21 |     4 ||   115
Dodge: Dodged            |   275 |   122 |    49 ||   446
Block: Buckler           |    62 |    28 |     9 ||    99
